 Dungeon Crawl Stone Soup version 0.20.1-1-g8b1a95d (console) character file.

2273 hilaritas the Covert (level 9, 0/56 HPs)
             Began as a Kobold Berserker on Mar 17, 2018.
             Was a Priest of Trog.
             Slain by Pikel
             ... wielding a +2 whip of electrocution
              (14 damage)
             ... on level 7 of the Dungeon.
             The game lasted 00:19:26 (7685 turns).

hilaritas the Covert (Kobold Berserker)             Turns: 7685, Time: 00:19:27

Health: 0/56       AC:  5    Str: 18    XL:     9   Next: 65%
Magic:  9/9        EV: 17    Int:  8    God:    Trog [***...]
Gold:   370        SH:  6    Dex: 14    Spells: 8/8 levels left

rFire    . . .     SeeInvis .   w - +0 dagger (chaos)
rCold    + . .     Gourm    .   B - +0 buckler
rNeg     + . .     Faith    .   q - +2 leather armour {rC+}
rPois    +         Spirit   .   (no helmet)
rElec    .         Reflect  .   (no cloak)
rCorr    .         Harm     .   (no gloves)
MR       .....                  (no boots)
Stlth    ++++......             (no amulet)
Regen    0.2/turn               d - ring of poison resistance
MPRegen  0.2/turn               k - ring of positive energy

@: no status effects
A: carnivore 3
a: Berserk, Trog's Hand, Burn Spellbooks, Renounce Religion


You were on level 7 of the Dungeon.
You worshipped Trog.
Trog was most pleased with you.
You were completely stuffed.

You visited 1 branch of the dungeon, and saw 7 of its levels.

You collected 370 gold pieces.

Inventory:

Hand Weapons
 a - a +1 short sword
 w - a +0 dagger of chaos (weapon)
Armour
 q - a +2 leather armour of cold resistance (worn)
 B - a +0 buckler (worn)
Jewellery
 d - a ring of poison resistance (left hand)
 k - a ring of positive energy (right hand)
Wands
 n - a wand of lightning (5/15)
 y - a wand of digging (13/24)
 z - a wand of polymorph (15/24)
 A - a wand of polymorph (12/24)
Scrolls
 b - a scroll of enchant weapon
 h - 5 scrolls of remove curse
Potions
 e - 2 potions of agility
 f - 2 potions of berserk rage
 g - 2 potions of curing
 i - a potion of lignification
 j - a potion of mutation
 m - a potion of magic
 o - 2 potions of invisibility
 p - a potion of degeneration {unknown}
 r - 2 potions of heal wounds
 u - a potion of resistance {unknown}
 v - 2 potions of might {unknown}
Books
 s - a book of Changes

   Spells                             Type                      Level
   a - Beastly Appendage              Transmutation                1
   b - Sticks to Snakes               Transmutation                2
   c - Spider Form                    Transmutation/Poison         3
   d - Ice Form                       Ice/Transmutation            4
   e - Blade Hands                    Transmutation                5
   Trog disapproves of the use of such an item.
Comestibles
 c - 2 meat rations
 t - 3 royal jellies
 x - a chunk of flesh


   Skills:
 + Level 6.5 Fighting
 - Level 8.2 Short Blades
 - Level 1.5 Armour
 * Level 5.4 Dodging
 - Level 10.0 Stealth
 * Level 4.0 Shields


You had 8 spell levels left.
You didn't know any spells.

Dungeon Overview and Level Annotations

Branches:
Dungeon (7/15)             Temple (0/1) D:5

Altars:
Ashenzari
Cheibriados
Kikubaaqudgha
Makhleb
Qazlal
Ru
Trog
Xom

Shops:
D:4 :

Annotations:
D:7 Pikel


Innate Abilities, Weirdness & Mutations

You are small and have problems with some larger weapons.
You are carnivorous and can eat meat at any time.


Message History

Pikel is moderately wounded.
You closely miss Pikel.
Pikel is moderately wounded.
Pikel closely misses you.
You hit Pikel but do no damage.
Pikel is moderately wounded.
You hit Pikel but do no damage. You drain Pikel!
Pikel is moderately wounded.
Pikel hits you with a whip of electrocution.
You are electrocuted!
You hit Pikel.
Pikel flickers and vanishes!
Deactivating autopickup; reactivate with Ctrl-A.
Something hits you but does no damage.
You closely miss something. You hit something but do no damage.
Something hits you.
You hit something.
Nothing appears to happen.
You hit something. You freeze something. Something hits you.
You are electrocuted!
You hit something but do no damage. Something hits you.
You are electrocuted!
You die...

.....................#
.......##.#<.........#
.....................#
..........#...##.#####
.......#....####.#
.....<...##.# #.#
.......####.# #.#
...##### ... #[# ## .
.# #[# # #)# #@# #{#
#p# #.....#g#
###.gg#.#.#
$..g.#...## ##
##..........
...#...g.......
........g.......
......K..........
.......<..........


You could see a slave and a gnoll.

Vanquished Creatures
  The ghost of hilaritas the Sneak, a novice OpFi of Dithmenos (D:6)
  The ghost of ceb the Skirmisher, a novice DsFi (D:5)
  2 slaves (D:7)
  3 ogres
  A centaur (D:5)
  2 big kobolds (D:3)
  3 bullfrogs
  A gnoll sergeant (D:7)
  A scorpion (D:6)
  2 howler monkeys
  A crimson imp (D:5)
  A jelly (D:6)
  4 orc wizards
  A bullfrog skeleton (D:5)
  Ijyb (D:4)
  2 iguanas
  3 worker ants
  A gnoll (D:7)
  A howler monkey skeleton (D:5)
  2 worker ant zombies
  9 adders
  An ooze (D:5)
  2 adder skeletons
  4 worms
  2 dart slugs
  6 leopard geckos
  14 orcs
  2 ball pythons
  5 bats
  7 giant cockroaches
  8 goblins
  8 hobgoblins
  11 jackals
  2 quokkas
  4 frilled lizards
  8 kobolds
  A leopard gecko skeleton (D:6)
  8 rats
136 creatures vanquished.

Vanquished Creatures (others)
  A wizard (D:5)
1 creature vanquished.

Grand Total: 137 creatures vanquished

Notes
Turn   | Place    | Note
-------+----------+-------------------------------------------
     0 | D:1      | hilaritas the Kobold Berserker began the quest for the Orb.
     0 | D:1      | Reached XP level 1. HP: 14/14 MP: 1/1
   171 | D:1      | Reached skill level 1 in Stealth
   203 | D:1      | Reached XP level 2. HP: 19/19 MP: 2/2
   702 | D:1      | Reached XP level 3. HP: 11/23 MP: 3/3
  1022 | D:1      | Reached skill level 2 in Stealth
  1191 | D:2      | Found a stormy altar of Qazlal.
  1238 | D:2      | Found an ancient bone altar of Kikubaaqudgha.
  1258 | D:2      | Found a sacrificial altar of Ru.
  1271 | D:2      | Reached skill level 5 in Short Blades
  1271 | D:2      | Reached skill level 3 in Stealth
  1271 | D:2      | Reached XP level 4. HP: 29/29 MP: 4/4
  1393 | D:2      | Reached ** piety under Trog
  2054 | D:3      | Noticed a bullfrog
  2058 | D:3      | Killed a bullfrog
  2058 | D:3      | Reached skill level 4 in Stealth
  2058 | D:3      | Reached XP level 5. HP: 33/33 MP: 5/5
  2153 | D:3      | Noticed a big kobold
  2160 | D:3      | Noticed a big kobold
  2165 | D:3      | Killed a big kobold
  2165 | D:3      | Reached skill level 5 in Stealth
  2165 | D:3      | Reached skill level 1 in Shields
  2165 | D:3      | Reached XP level 6. HP: 22/39 MP: 6/6
  2176 | D:3      | Reached skill level 6 in Stealth
  2965 | D:3      | Reached XP level 7. HP: 25/44 MP: 7/7
  3192 | D:3      | You fall through a shaft!
  3192 | D:4      | Noticed Ijyb
  3195 | D:4      | Killed Ijyb
  3469 | D:4      | Reached skill level 7 in Stealth
  3568 | D:4      | HP: 3/44 [worker ant (7)]
  3572 | D:4      | Reached skill level 5 in Fighting
  3575 | D:4      | HP: 6/66 [poisoned by a worker ant]
  3581 | D:4      | HP: 3/44 [poisoned by a worker ant]
  3587 | D:4      | HP: 2/44 [poisoned by a worker ant]
  4069 | D:4      | Found Naobi's Book Emporium.
  4755 | D:4      | Found a shattered altar of Ashenzari.
  4756 | D:4      | Found a snail-covered altar of Cheibriados.
  4775 | D:4      | Reached skill level 8 in Stealth
  5072 | D:5      | Entered Level 5 of the Dungeon
  5108 | D:5      | Reached *** piety under Trog
  5173 | D:5      | Reached XP level 8. HP: 26/50 MP: 8/8
  5193 | D:5      | Noticed ceb's ghost (novice DsFi)
  5380 | D:5      | Found a staircase to the Ecumenical Temple.
  5416 | D:5      | Found a shimmering altar of Xom.
  5417 | D:5      | Found a burning altar of Makhleb.
  5578 | D:5      | Reached skill level 9 in Stealth
  5843 | D:5      | Killed ceb's ghost
  6136 | D:5      | Reached XP level 9. HP: 29/55 MP: 9/9
  6413 | D:5      | Found a bloodstained altar of Trog.
  6414 | D:5      | Noticed a wizard
  6420 | D:5      | Killed a wizard
  6490 | D:6      | Noticed hilaritas's ghost (novice OpFi)
  6505 | D:6      | Killed hilaritas's ghost
  6754 | D:6      | Reached skill level 5 in Dodging
  6754 | D:6      | Reached skill level 10 in Stealth
  7443 | D:7      | Noticed Pikel
  7685 | D:7      | Slain by Pikel

Skill      XL: |  1  2  3  4  5  6  7  8  9 |
---------------+----------------------------+-----
Stealth        | 1 3 4 5 6 8 9 10 | 10.0
Short Blades   | 5 6 8 |  8.2
Fighting       | 4 5 6 |  6.5
Shields        | 1 2 3 4 |  4.0
Dodging        | 3 5 |  5.4
Armour         | |  1.5

Action                   |  1- 3 |  4- 6 |  7- 9 || total
-------------------------+-------+-------+-------++-------
Melee: Short sword       |    88 |   150 |   212 ||   450
       Dagger            |       |       |   245 ||   245
Invok: Berserk           |     2 |     1 |     8 ||    11
       Trog's Hand       |       |       |     3 ||     3
Evoke: Wand              |       |       |     1 ||     1
  Use: Scroll            |     3 |     4 |     8 ||    15
       Potion            |       |       |     3 ||     3
 Stab: Sleeping          |     6 |     3 |    11 ||    20
       Distracted        |       |     1 |     1 ||     2
       Confused          |       |       |     1 ||     1
       Paralysed         |       |       |     1 ||     1
  Eat: Chunk             |    10 |     8 |    24 ||    42
Armor: Animal skin       |     8 |     6 |       ||    14
       Leather armour    |       |       |    48 ||    48
Dodge: Dodged            |    49 |    82 |   212 ||   343
Block: Buckler           |       |       |     1 ||     1
